 Dungeon Crawl Stone Soup version 0.22-a0-515-g75794bf (webtiles) character file.

623 kae the Conjurer (level 7, -9/40 HPs)
             Began as a Tengu Fire Elementalist on June 19, 2018.
             Was a Follower of Vehumet.
             Shot with an arrow by a centaur (10 damage)
             ... on level 5 of the Dungeon.
             The game lasted 00:05:44 (4788 turns).

kae the Conjurer (Tengu Fire Elementalist)          Turns: 4788, Time: 00:05:45

Health: -9/40      AC:  4    Str:  9    XL:     7   Next: 46%
Magic:  15/21      EV: 12    Int: 17    God:    Vehumet [*.....]
Gold:   87         SH:  0    Dex: 14    Spells: 2/12 levels left

rFire    . . .     SeeInvis .   d - +1 short sword (elec)
rCold    . . .     Gourm    .   (no shield)
rNeg     + . .     Faith    .   a - +0 robe
rPois    .         Spirit   .   (helmet restricted)
rElec    .         Reflect  .   (no cloak)
rCorr    .         Harm     .   t - +1 pair of gloves
MR       .....                  (boots unavailable)
Stlth    ++........             (no amulet)
HPRegen  0.13/turn              f - ring of positive energy
MPRegen  0.17/turn              l - ring of magical power

@: no status effects
A: beak, talons 3, able to fly 1
a: Fly, Renounce Religion


You were on level 5 of the Dungeon.
You worshipped Vehumet.
Vehumet was aware of your devotion.
You were very hungry.

You visited 1 branch of the dungeon, and saw 5 of its levels.

You collected 153 gold pieces.
You spent 66 gold pieces at shops.

Inventory:

Hand Weapons
 d - a +1 short sword of electrocution (weapon)
Armour
 a - a +0 robe (worn)
 t - a +1 pair of gloves (worn)
Jewellery
 f - a ring of positive energy (left hand)
 l - a ring of magical power (right hand)
Scrolls
 e - 3 scrolls of identify
 h - a scroll of fear
 i - 2 scrolls of teleportation
 n - a scroll of remove curse
Potions
 b - a potion of might
 g - a potion of agility
 j - 2 potions of haste
 m - a potion of lignification
 p - a potion of berserk rage
 q - 4 potions of curing
 r - 2 potions of heal wounds
Comestibles
 c - 4 rations


   Skills:
 + Level 2.7 Fighting
 + Level 2.8 Short Blades
 - Level 2.1 Dodging
 - Level 2.0 Stealth
 + Level 3.2 Spellcasting
 * Level 5.6 Conjurations
 * Level 5.6 Fire Magic


You had 2 spell levels left.
You knew the following spells:

 Your Spells              Type           Power        Failure   Level  Hunger
a - Flame Tongue          Conj/Fire      ###..        1%          1    None
b - Throw Flame           Conj/Fire      ###...       2%          2    ##.....
c - Conjure Flame         Conj/Fire      ###.....     4%          3    ###....
d - Sticky Flame          Conj/Fire      ###.....     17%         4    ####...

Your spell library contained the following spells:

 Spells                   Type           Power        Failure   Level  Hunger
 Fireball                 Conj/Fire      ###.......   43%         5    ######.
 Inner Flame              Hex/Fire       ##......     16%         3    ###....


Dungeon Overview and Level Annotations

Branches:
Dungeon (5/15)
 Temple: D:4-7

Altars:
Qazlal
Ru
Uskayaw
Vehumet
Zin

Shops:
D:4 !*

Annotations:
D:5 exclusion: centaur


Innate Abilities, Weirdness & Mutations

You have a beak for a mouth.
You have claws for feet.
You can fly.


Message History

The centaur is moderately wounded.
The centaur wields a shortbow.
The centaur shoots an arrow.
The arrow closely misses you.
The centaur shoots an arrow.
The arrow hits you!
Casting: Throw Flame (safe; 2% risk of failure)
Confirm with . or Enter, or press ? or * to list all spells.
Aiming: Throw Flame (safe; 2% risk of failure)
Press: ? - help, Shift-Dir - straight line, f/p - centaur
Aim: a centaur, wielding a shortbow and wearing a robe (moderately wounded)
The puff of flame misses the centaur.
The centaur shoots an arrow.
The arrow hits you!
* * * LOW HITPOINT WARNING * * *
Casting: Throw Flame (safe; 2% risk of failure)
Confirm with . or Enter, or press ? or * to list all spells.
Aiming: Throw Flame (safe; 2% risk of failure)
Press: ? - help, Shift-Dir - straight line, f/p - centaur
Aim: a centaur, wielding a shortbow and wearing a robe (moderately wounded)
The puff of flame hits the centaur.
The centaur is heavily wounded.
The centaur shoots an arrow.
The arrow hits you!
You die...

#.#...#.###o....#
#z##............####
z. ....###........
....o..†z.# #..(..#
###.### #)#
#.#######.#
#..c....@<#
...########


You could see a centaur and a wight.

Vanquished Creatures
  A phantom (D:4)
  4 hounds
  3 orc priests (D:4)
  4 orc wizards (D:4)
  2 worker ants (D:4)
  7 adders
  3 oozes
  An adder skeleton (D:4)
  3 worms
  2 dart slugs
  2 leopard geckos
  8 orcs
  6 bats
  7 giant cockroaches
  3 hobgoblins
  6 jackals
  A quokka (D:3)
  3 frilled lizards
  6 goblins
  8 kobolds
  A quokka skeleton (D:4)
  8 rats
89 creatures vanquished.

Notes
Turn   | Place    | Note
-------+----------+-------------------------------------------
     0 | D:1      | kae the Tengu Fire Elementalist began the quest for the Orb.
     0 | D:1      | Reached XP level 1. HP: 10/10 MP: 4/4
    57 | D:1      | Reached XP level 2. HP: 15/15 MP: 1/6
   481 | D:1      | Reached XP level 3. HP: 20/20 MP: 7/7
  1530 | D:2      | Reached skill level 1 in Fighting
  1640 | D:2      | Reached XP level 4. HP: 20/25 MP: 2/8
  1781 | D:2      | Reached skill level 1 in Short Blades
  2274 | D:2      | Learned a level 1 spell: Flame Tongue
  2277 | D:2      | Learned a level 2 spell: Throw Flame
  2281 | D:2      | Learned a level 3 spell: Conjure Flame
  2507 | D:3      | Found a hide-covered altar of Uskayaw.
  2507 | D:3      | Found a radiant altar of Vehumet.
  2509 | D:3      | Found a glowing silver altar of Zin.
  2511 | D:3      | Found a stormy altar of Qazlal.
  2514 | D:3      | Found a sacrificial altar of Ru.
  2518 | D:3      | Became a worshipper of Vehumet
  2679 | D:4      | Gained mutation: You can fly. [Tengu growth]
  2679 | D:4      | Reached XP level 5. HP: 18/29 MP: 9/9
  2801 | D:4      | Found Coaloon's Distillery.
  2865 | D:4      | Bought a potion of lignification for 36 gold pieces
  2907 | D:4      | Reached XP level 6. HP: 18/35 MP: 11/11
  3533 | D:4      | Noticed a phantom
  3551 | D:4      | Killed a phantom
  3551 | D:4      | Reached skill level 5 in Fire Magic
  3707 | D:4      | Reached skill level 5 in Conjurations
  3718 | D:4      | Reached XP level 7. HP: 39/40 MP: 12/12
  4034 | D:4      | Learned a level 4 spell: Sticky Flame
  4201 | D:4      | Found Rolunaj's General Store.
  4333 | D:4      | Bought a potion of curing for 30 gold pieces
  4486 | D:5      | Entered Level 5 of the Dungeon
  4771 | D:5      | Reached * piety under Vehumet
  4771 | D:5      | Offered knowledge of Sting by Vehumet.
  4787 | D:5      | HP: 1/40 [centaur/arrow (16)]
  4788 | D:5      | Shot with an arrow by a centaur

Vault maps used:
D:1:      minmay_arrival_semitransparent
D:3:      grunt_temple_overflow_open, minmay_misc_feat_square
D:4:      first_ration, serial_shops, shop, shop, kennysheep_generic_room_12
D:5:      cheibrodos_iron_armory, temple_fountains

Skill      XL: |  1  2  3  4  5  6 |
---------------+-------------------+-----
Conjurations   | 2 3 4 5 |  5.6
Fighting       | 1 2 |  2.7
Short Blades   | 1 2 |  2.8
Fire Magic     | 4 5 |  5.6
Spellcasting   | 3 |  3.2
Dodging        | |  2.1
Stealth        | |  2.0

Action                   |  1- 3 |  4- 6 |  7- 9 || total
-------------------------+-------+-------+-------++-------
Melee: Kick              |     4 |     9 |     4 ||    17
       Unarmed           |     1 |       |       ||     1
       Short sword       |    46 |    35 |    19 ||   100
       Peck              |     5 |     5 |     3 ||    13
 Cast: Flame Tongue      |    23 |    68 |    51 ||   142
       Throw Flame       |       |       |     6 ||     6
       Conjure Flame     |       |       |     1 ||     1
       Sticky Flame      |       |       |     1 ||     1
  Use: Scroll            |       |    14 |       ||    14
 Stab: Sleeping          |     3 |     3 |       ||     6
  Eat: Chunk             |     2 |     7 |     3 ||    12
Armor: Robe              |     6 |    16 |     8 ||    30
Dodge: Dodged            |    27 |    43 |    27 ||    97

Table legend:
 A = Spawn XP
 B = Non-spawn XP
 C = Spawn XP percentage of total XP
 D = Spawn monster count
 E = Non-spawn monster count
 F = Spawn count percentage of total count
 G = Total turns spent on level
                    A         B        C        D         E        F      G
               +---------+---------+-------+---------+---------+-------+---------
         Total |       0 |     890 |   0.0 |       0 |      89 |   0.0 |  4788
               +---------+---------+-------+---------+---------+-------+---------
           D:1 |       0 |      41 |   0.0 |       0 |      19 |   0.0 |  1024
           D:2 |       0 |      78 |   0.0 |       0 |      20 |   0.0 |  1184
           D:3 |       0 |      36 |   0.0 |       0 |      13 |   0.0 |   462
           D:4 |       0 |     670 |   0.0 |       0 |      28 |   0.0 |  1985
           D:5 |       0 |      65 |   0.0 |       0 |       9 |   0.0 |   133
               +---------+---------+-------+---------+---------+-------+---------
